 Dungeon Crawl Stone Soup version 0.21.0-3-g78d12a8 (webtiles) character file.

11 Mgcat the Grave Robber (level 2, -1/15 HPs)
             Began as a Gargoyle Necromancer on Jan 17, 2018.
             Killed by nerve-wracking pain
             ... invoked by Jessica
              (5 damage)
             ... on level 2 of the Dungeon.
             The game lasted 00:05:09 (1693 turns).

Mgcat the Grave Robber (Gargoyle Necromancer)       Turns: 1693, Time: 00:05:09

Health: -1/15      AC:  5    Str: 11    XL:     2   Next: 29%
Magic:  5/5        EV: 12    Int: 15    God:
Gold:   48         SH:  0    Dex: 10    Spells: 3/5 levels left

rFire    . . .     SeeInvis .   k - +0 war axe
rCold    . . .     Gourm    .   (no shield)
rNeg     + . .     Faith    .   a - +0 robe
rPois    ∞         Spirit   .   d - +0 helmet
rElec    +         Reflect  .   (no cloak)
rCorr    .         Harm     .   (no gloves)
MR       .....                  (no boots)
Stlth    ++........             (no amulet)
HPRegen  0.05/turn              (no ring)
MPRegen  0.09/turn              (no ring)

@: no status effects
A: negative energy resistance 1, electricity resistance, unbreathing,
petrification resistance, rot immunity, AC +2
a: no special abilities


You were on level 2 of the Dungeon.
You were near starving.

You visited 1 branch of the dungeon, and saw 2 of its levels.

You collected 48 gold pieces.

Inventory:

Hand Weapons
 k - a +0 war axe (weapon)
Armour
 a - a +0 robe (worn)
 d - a +0 helmet (worn)
Scrolls
 i - a scroll of random uselessness {unknown}
 j - a scroll of identify {unknown}
Potions
 g - a potion of heal wounds {unknown}
 h - 2 potions of agility {unknown}
Books
 b - a book of Necromancy

   Spells                             Type                      Level
   a - Pain                           Necromancy                   1
   b - Animate Skeleton               Necromancy                   1
   c - Vampiric Draining              Necromancy                   3
   d - Regeneration                   Charms/Necromancy            3
   e - Animate Dead                   Necromancy                   4
   f - Borgnjor's Vile Clutch         Necromancy/Earth             5
Comestibles
 c - a ration


   Skills:
 + Level 1.8 Dodging
 - Level 2.5 Stealth
 + Level 2.1 Spellcasting
 + Level 3.4 Necromancy


You had 3 spell levels left.
You knew the following spells:

 Your Spells              Type           Power        Failure   Level  Hunger
a - Pain                  Necr           ##..         5%          1    #......
b - Animate Skeleton      Necr           N/A          5%          1    #......


Dungeon Overview and Level Annotations

Branches:
Dungeon (2/15)

Altars:

Annotations:
D:2 Jessica


Innate Abilities, Weirdness & Mutations

You are resistant to torment.
Your stone body is resilient. (AC +2)
You are immune to poison.
You resist negative energy. (rN+)
You are resistant to electric shocks. (rElec)
You can survive without breathing.
You are immune to petrification.
You are immune to rotting.


Message History

Jessica the Apprentice Sorceress comes into view.
She is wielding a dagger.
Casting: Pain
Confirm with . or Enter, or press ? or * to list all spells.
Aiming: Pain
Press: ? - help, Shift-Dir - straight line, f - Jessica
Aim: Jessica, wielding a dagger and wearing a robe (chance to defeat MR: 73%) Jessica struggles to resist.
Jessica gestures wildly while chanting.
Jessica blinks!
Jessica points at you and mumbles some strange words.
Pain shoots through your body!
Jessica casts a spell.
Jessica seems to speed up.
Jessica casts a spell at you. Pain shoots through your body!
* * * LOW HITPOINT WARNING * * *
Jessica very coldly says, "I hate your company."
Jessica gestures at you while chanting. Pain shoots through your body!
You die...

#.#.## ##### #....##
##)..## #.....#
##.....#### ##....###
##.........# ##..@..#
........<#.# ###.#.#
...).....#.# #.#.#
###.....##.###########.#.#
##............@..@..>#.#
##.#.#..###.#########.#
...#......"..# .#
#####.....##..# .#
#........#..#
#.#......#..#
#.##...#.#..# #
....##.#..# .....# .#).#


You could see Jessica.

Vanquished Creatures
  A dart slug (D:1)
  2 hobgoblins (D:1)
  A kobold (D:1)
  2 bats
  A goblin (D:1)
  3 rats (D:1)
10 creatures vanquished.

Vanquished Creatures (collateral kills)
  A giant cockroach (D:1)
1 creature vanquished.

Grand Total: 11 creatures vanquished

Notes
Turn   | Place    | Note
-------+----------+-------------------------------------------
     0 | D:1      | Mgcat the Gargoyle Necromancer began the quest for the Orb.
     0 | D:1      | Reached XP level 1. HP: 10/10 MP: 3/3
   320 | D:1      | Learned a level 1 spell: Animate Skeleton
   701 | D:1      | Reached XP level 2. HP: 15/15 MP: 1/5
  1675 | D:2      | Noticed Jessica
  1693 | D:2      | Killed from afar by Jessica

Action                   || total
-------------------------++-------
Melee: Unarmed           ||    22
       Club              ||     3
 Cast: Pain              ||    23
       Animate Skeleton  ||     2
  Use: Scroll            ||     1
  Eat: Chunk             ||     1
Armor: Robe              ||    13
Dodge: Dodged            ||    20
